 Dungeon Sprint DCSS version 0.30-a0-989-g0d87f670db (webtiles) character file.

Game seed: 7734482321534679852

506 DiggyJ the Ruffian (level 6, 0/68 HPs)
             Began as a Troll Fighter on Apr 3, 2023.
             Was a Believer of Cheibriados.
             Slain by a killer bee (5 damage)
             ... in the Dungeon (Sprint IX: "|||||||||||||||||||||||||||||").
             The game lasted 00:00:50 (249 turns).

DiggyJ the Ruffian (Troll Fighter)                   Turns: 249, Time: 00:00:51

Health: 0/68       AC:  6    Str: 34    XL:     6   Next: 97%
Magic:  5/5        EV: 12    Int:  8    God:    Cheibriados [**....]
Gold:   0          SH:  0    Dex: 13    Spells: 5/5 levels left

rFire   . . .      SeeInvis .      - Unarmed
rCold   . . .      Faith    .    (no shield)
rNeg    . . .      Spirit   .    a - +0 robe
rPois   .          Reflect  .    (helmet restricted)
rElec   .          Rampage  .    (no cloak)
rCorr   .          NoTele   +    (gloves unavailable)
Will    .....                    (boots unavailable)
Stlth   +                        (no amulet)
HPRegen 1.11/turn                n - +3 ring of strength
MPRegen 0.09/turn                m - +2 ring of protection

@: on berserk cooldown, slowed, very slow
A: large, unfitting armour, claws 3, regeneration 1, shaggy fur 1, tough skin 1
a: Renounce Religion, Bend Time


You were in the Dungeon.
You worshipped Cheibriados.
Cheibriados was pleased with you.
You visited 1 branch

Inventory:

Armour
 a - a +0 robe (worn)
 b - a +0 kite shield
Jewellery
 m - a +2 ring of protection (right claw)
 n - a +3 ring of strength (left claw)
Wands
 l - a wand of roots (10)
Scrolls
 i - 2 scrolls of blinking
 k - 2 scrolls of amnesia
Potions
 c - a potion of might
 d - 5 potions of curing
 e - a potion of invisibility
 f - a potion of haste
 g - 4 potions of magic
 j - 2 potions of heal wounds


   Skills:
 + Level 6.8 Fighting
 + Level 7.1 Dodging
 + Level 7.0 Shields
 + Level 7.5 Unarmed Combat


You had 5 spell levels left.
You didn't know any spells.
Your spell library was empty.

Dungeon Overview and Level Annotations

Branches:
Dungeon (1/1)

Altars:
Cheibriados
Dithmenos
Elyvilon
Fedhas
Gozag
Hepliaklqana
Kikubaaqudgha
Makhleb
Nemelex Xobeh
Okawaru
Qazlal
Ru
Sif Muna
Trog
Uskayaw
Vehumet
Wu Jian
Xom
Yredelemnul
Zin
The Shining One
Jiyva
Lugonu


Innate Abilities, Weirdness & Mutations

You are too large for most types of armour.
You have claws for hands.
Your natural rate of healing is unusually fast.
You are covered in fur. (AC +1)
You have tough skin. (AC +1)


Message History

You barely miss something. Something hits you.
Something hits you but does no damage.
You closely miss something. Something hits you! Something hits you.
* * * LOW HITPOINT WARNING * * *
You claw something! Something hits you.
* * * LOW HITPOINT WARNING * * *
Something hits you!
* * * LOW HITPOINT WARNING * * *
You mangle something!!
Cheibriados thoroughly appreciates the change of pace.
You can now bend time to slow others.
Cheibriados raises the support of your attributes as your movement slows. x2
Reactivating autopickup.
You feel a bit more experienced.
The wyvern hisses menacingly.
Your Fighting skill increases to level 6!
Your Dodging skill gained 2 levels and is now at level 7!
Your Shields skill increases to level 7!
Your Unarmed Combat skill gained 2 levels and is now at level 7!
You have reached level 6!
You feel stronger. The wraith hits you but does no damage.
The wraith barely misses you.
You barely miss the wraith. The wraith hits you!
* * * LOW HITPOINT WARNING * * *
The wraith drains your vigour!
You feel yourself slow down.
You mangle the wraith!!
The wraith is severely damaged.
The wraith barely misses you.
You closely miss the wraith.
The wraith is severely damaged.
The wraith closely misses you.
You claw the wraith!
You destroy the wraith!
Cheibriados thoroughly appreciates the change of pace.
Cheibriados raises the support of your attributes as your movement slows.
You are no longer berserk.
You are exhausted.
You feel as though you will be slow longer.
The killer bee stings you.
You die... ▓▓▓▓▓▓▓▓▓▓▓▓▓▓▓▓▓▓▓▓▓▓ ____'..).[[[..')@ycl.+ ▓▓▓▓▓▓▓▓▓▓▓▓▓▓▓▓▓▓▓▓▓▓

You could see a wyvern, a centaur and a killer bee.

Vanquished Creatures
  An unseen horror (D)
  A wraith (D)
  An orc warrior (D)
  2 hounds (D)
  A gnoll bouda (D)
  2 iguanas (D)
  A giant cockroach (D)
  A jackal (D)
  A frilled lizard (D)
  2 rats (D)
13 creatures vanquished.

Notes
Turn   | Place    | Note
-------+----------+-------------------------------------------
     0 | D        | DiggyJ the Troll Fighter began the quest for the Orb.
     0 | D        | Reached XP level 1. HP: 22/22 MP: 0/0
    23 | D        | Noticed an iguana
    23 | D        | Noticed a hound
    23 | D        | Noticed a hound
    23 | D        | Noticed a gnoll bouda
    23 | D        | Noticed an iguana
    27 | D        | Killed an iguana
    28 | D        | Reached XP level 2. HP: 31/31 MP: 1/1
    28 | D        | Reached XP level 3. HP: 37/37 MP: 2/2
    41 | D        | Reached XP level 4. HP: 40/49 MP: 3/3
    47 | D        | Reached skill level 5 in Shields
    50 | D        | Reached skill level 5 in Fighting
    50 | D        | Reached skill level 5 in Dodging
    50 | D        | Reached XP level 5. HP: 37/57 MP: 4/4
   174 | D        | Found a snail-covered altar of Cheibriados.
   174 | D        | Found a shadowy altar of Dithmenos.
   174 | D        | Found a white marble altar of Elyvilon.
   174 | D        | Found a blossoming altar of Fedhas.
   174 | D        | Found an opulent altar of Gozag.
   175 | D        | Found a hazy altar of Hepliaklqana.
   176 | D        | Found a viscous altar of Jiyva.
   177 | D        | Found an ancient bone altar of Kikubaaqudgha.
   178 | D        | Found a corrupted altar of Lugonu.
   179 | D        | Found a burning altar of Makhleb.
   180 | D        | Found a sparkling altar of Nemelex Xobeh.
   181 | D        | Found an iron altar of Okawaru.
   186 | D        | Became a worshipper of Cheibriados the Contemplative
   191 | D        | Found a stormy altar of Qazlal.
   192 | D        | Found a sacrificial altar of Ru.
   193 | D        | Found a shimmering blue altar of Sif Muna.
   194 | D        | Found a bloodstained altar of Trog.
   195 | D        | Found a hide-covered altar of Uskayaw.
   196 | D        | Found a radiant altar of Vehumet.
   197 | D        | Found an ornate altar of the Wu Jian Council.
   198 | D        | Found a shimmering altar of Xom.
   199 | D        | Found a basalt altar of Yredelemnul.
   200 | D        | Found a glowing silver altar of Zin.
   201 | D        | Found a glowing golden altar of the Shining One.
   231 | D        | Noticed an orc warrior
   231 | D        | Noticed a wraith
   231 | D        | Noticed a centaur
   231 | D        | Noticed a wyvern
   236 | D        | Killed an orc warrior
   237 | D        | Reached skill level 5 in Unarmed Combat
   244 | D        | Killed an unseen horror
   244 | D        | Reached * piety under Cheibriados
   245 | D        | Reached XP level 6. HP: 11/68 MP: 5/5
   246 | D        | HP: 3/102 [wraith (11)]
   249 | D        | Killed a wraith
   249 | D        | Reached ** piety under Cheibriados
   249 | D        | Slain by a killer bee

Illustrated notes

Levels and vault maps discovered:
D:        linesprint [early_d, line_temple, items_1, d_10, items_2, lair_1,
          lair_end, items_3, orc_1, orc_end, items_4, d_15, swamp_1, shoals_1,
          snake_1, spider_1, d_20, vaults_1, items_5, swamp_end, shoals_end,
          snake_end, spider_end, vaults_end, d_27, items_6, zot_1, zot_end,
          crypt_end, forest_end, elf_end, slime_end, tomb_end, abyss_end,
          pan_hell_end]

Skill      XL: |  1  2  3  4  5 |
---------------+----------------+-----
Shields        | 4 5 7 |  7.0
Fighting       | 3 4 5 6 |  6.8
Dodging        | 3 4 5 7 |  7.1
Unarmed Combat | 3 4 7 |  7.5

Action                     |  1- 3 |  4- 6 || total
---------------------------+-------+-------++-------
  Melee: Unarmed           |    24 |    23 ||    47
         Punch             |     1 |       ||     1
    Use: Potion            |     1 |     1 ||     2
 Armour: Robe              |     4 |     6 ||    10
  Dodge: Dodged            |    13 |     7 ||    20

Table legend: (Time is in decaauts)
 A = Elapsed time spent in this place.
 B = Non-inter-level travel time spent in this place.
 C = Inter-level travel time spent in this place.
 D = Time resting spent in this place.
 E = Time spent auto-exploring this place.
 F = Levels seen in this place.
 G = Mean time per level.
                   A        B        C        D        E       F      G
               +--------+--------+--------+--------+--------+-----+--------+
         Total |    256 |    256 |      0 |    118 |      0 |   1 |  256.0 |
       Dungeon |    256 |    256 |      0 |    118 |      0 |   1 |  256.0 |
               +--------+--------+--------+--------+--------+-----+--------+

Top non-repeatable levels by time:
       D: 256 daAuts
